 Dungeon Crawl Stone Soup version 0.21.0-24-g2553a33 (webtiles) character file.

53 Grimoiregrey the Stinger (level 3, -2/26 HPs)
             Began as a Draconian Venom Mage on Jan 21, 2018.
             Killed from afar by Terence (6 damage)
             ... with a wand of flame (29)
             ... on level 2 of the Dungeon.
             The game lasted 00:20:30 (1825 turns).

Grimoiregrey the Stinger (Draconian Venom Mage)     Turns: 1825, Time: 00:20:30

Health: -2/26      AC:  6    Str: 11    XL:     3   Next: 64%
Magic:  6/6        EV: 12    Int: 15    God:
Gold:   79         SH:  0    Dex: 11    Spells: 4/7 levels left

rFire    x . .     SeeInvis .   e - +0 dagger
rCold    + . .     Gourm    .   (no shield)
rNeg     . . .     Faith    .   (armour unavailable)
rPois    .         Spirit   .   (helmet restricted)
rElec    .         Reflect  .   c - +0 cloak
rCorr    .         Harm     .   (no gloves)
MR       .....                  (no boots)
Stlth    ++........             (no amulet)
HPRegen  0.08/turn              h - ring of wizardry
MPRegen  0.10/turn              l - ring of ice

@: no status effects
A: unfitting armour, cold-blooded, AC +5
a: no special abilities


You were on level 2 of the Dungeon.
You were hungry.

You visited 1 branch of the dungeon, and saw 3 of its levels.

You collected 79 gold pieces.

Inventory:

Hand Weapons
 e - a +0 dagger (weapon)
 f - a +0 club
Armour
 c - a +0 cloak (worn)
Jewellery
 h - a ring of wizardry (left hand)
 l - a ring of ice (right hand)
Scrolls
 d - 3 scrolls of teleportation
 g - 2 scrolls of identify {unknown}
 j - a scroll of fear {unknown}
 k - a scroll of magic mapping {unknown}
Potions
 i - a potion of mutation {unknown}
 m - a potion of berserk rage {unknown}
Books
 a - a Young Poisoner's Handbook

   Spells                             Type                      Level
   a - Sting                          Conjuration/Poison           1
   b - Poisonous Vapours              Poison/Air                   2
   c - Mephitic Cloud                 Conjuration/Poison/Air       3
   d - Olgreb's Toxic Radiance        Poison                       4
   e - Venom Bolt                     Conjuration/Poison           5
Comestibles
 b - 5 rations
 n - 2 chunks of flesh


   Skills:
 - Level 0.1 Fighting
 + Level 1.1 Short Blades
 - Level 2.1 Dodging
 - Level 1.8 Stealth
 + Level 2.5 Spellcasting
 + Level 1.2 Conjurations
 + Level 3.7 Poison Magic


You had 4 spell levels left.
You knew the following spells:

 Your Spells              Type           Power        Failure   Level  Hunger
a - Sting                 Conj/Pois      #...         3%          1    #......
b - Poisonous Vapours     Pois/Air       #.....       6%          2    ###....


Dungeon Overview and Level Annotations

Branches:
Dungeon (3/15)

Altars:
Dithmenos
The Shining One

Annotations:
D:2 Terence


Innate Abilities, Weirdness & Mutations

Your plain brown scales are hard. (AC +5)
You cannot fit into any form of body armour.
You are cold-blooded and may be slowed by cold attacks.


Message History

* * * LOW HITPOINT WARNING * * *
The worm misses you.
Casting: Sting
Confirm with . or Enter, or press ? or * to list all spells.
Aiming: Sting
Press: ? - help, Shift-Dir - straight line, f - worm
Aim: a worm (moderately wounded)
The sting hits the worm.
The worm is poisoned.
The worm is heavily wounded.
As you read the scroll of teleportation, it crumbles to dust.
You feel strangely unstable. The worm bites you but does no damage.
Your surroundings suddenly seem different.
Terence the Incautious comes into view.
He is wielding a hand axe.
Terence shouts!
Terence bares his teeth.
Found a long sword.
Okay, then.
You see here a long sword.
Terence zaps a wand.
The puff of flame hits you! The fire burns you terribly!
You die...

#..##.#†>######.#.##. #........#
#.#.##. #.......## #...... #.
####...## ###(... #. #...# #.###
#. #...# ###.### #.# #...#
#...... .
#####.########...########......
.##.............@.........#.#.###
......>.....@............)....<..
#....##).................#....##
#<.#. #.#######...########......
#....##.# #...# ##.#####
##....@.# #...# #...)... ###.####
#...#######.#..... #.#
#.............#### #.#
...######.####...


You could see Terence.

Vanquished Creatures
  A worm (D:2)
  2 dart slugs (D:1)
  A leopard gecko (D:1)
  A ball python (D:1)
  5 bats
  2 giant cockroaches (D:1)
  3 goblins
  8 hobgoblins
  7 jackals
  6 frilled lizards (D:1)
  3 kobolds (D:1)
  A leopard gecko skeleton (D:2)
  3 rats
43 creatures vanquished.

Notes
Turn   | Place    | Note
-------+----------+-------------------------------------------
     0 | D:1      | Grimoiregrey the Draconian Venom Mage began the quest for the Orb.
     0 | D:1      | Reached XP level 1. HP: 14/14 MP: 3/3
   570 | D:1      | Reached XP level 2. HP: 20/20 MP: 0/5
   887 | D:1      | Learned a level 2 spell: Poisonous Vapours
   978 | D:1      | Found a glowing golden altar of the Shining One.
  1217 | D:1      | Reached XP level 3. HP: 26/26 MP: 6/6
  1580 | D:2      | Found a shadowy altar of Dithmenos.
  1593 | D:2      | Reached skill level 1 in Short Blades
  1812 | D:2      | Noticed Terence
  1825 | D:2      | Killed from afar by Terence

Skill      XL: |  1  2  3 |
---------------+----------+-----
Dodging        | 2 |  2.1
Short Blades   | 1 |  1.1
Fighting       | |  0.1
Stealth        | |  1.8
Spellcasting   | |  2.5
Conjurations   | |  1.2
Poison Magic   | |  3.7

Action                   || total
-------------------------++-------
Melee: Unarmed           ||    38
       Tailslap          ||    22
       Dagger            ||   131
 Cast: Sting             ||    33
  Use: Scroll            ||     2
 Stab: Sleeping          ||     1
  Eat: Chunk             ||     3
Armor: Skin              ||    62
Dodge: Dodged            ||   136
